 Dungeon Crawl Stone Soup version 0.28-a0-1206-g193881aaa2 (webtiles) character file.

Game seed: 3948752720952966012

3073 freelancePsychic the Slicer (level 9, -11/51 HPs)
             Began as a Vine Stalker Fighter on Dec 21, 2021.
             Was a Priest of Cheibriados.
             Killed from afar by a gnoll (15 damage)
             ... with a bolt of acid
             ... on level 8 of the Dungeon.
             The game lasted 00:15:05 (7204 turns).

freelancePsychic the Slicer (Vine Stalker Fighter)  Turns: 7204, Time: 00:15:06

Health: -11/51     AC: 13    Str: 29    XL:     9   Next: 88%
Magic:  0/12       EV:  8    Int: 15    God:    Cheibriados [***...]
Gold:   450        SH:  7    Dex: 22    Spells: 8/8 levels left

rFire   . . .      SeeInvis .   v - +6 quick blade
rCold   . . .      Faith    .   c - +0 buckler
rNeg    + . .      Spirit   +   I - +0 chain mail
rPois   .          Reflect  .   k - +0 helmet
rElec   .          Harm     .   (no cloak)
rCorr   +          Rampage  .   (no gloves)
Will    +....                   l - +2 pair of boots {Fly}
Stlth   ..........              (no amulet)
HPRegen 0.97/turn               j - +4 ring of protection
MPRegen 0.13/turn               r - ring of Uskayaw's Hope {rN+ rCorr}

@: corroded, flying, very slow
A: fangs 3, regeneration 1, magic shield, antimagic bite, no potion heal 2
a: Renounce Religion, Bend Time, Temporal Distortion


You were on level 8 of the Dungeon.
You worshipped Cheibriados.
Cheibriados was most pleased with you.
You visited 2 branches of the dungeon, and saw 9 of its levels.
You also visited: Sewer and Ossuary.

You collected 450 gold pieces.

Inventory:

Hand Weapons
 a - a +0 rapier
 h - a +0 dagger
 v - a +6 quick blade (weapon)
Missiles
 o - 40 poisoned darts (quivered)
 p - a throwing net
Armour
 c - a +0 buckler (worn)
 k - a +0 helmet (worn)
 l - a +2 pair of boots of flying (worn)
 B - a +2 kite shield
 I - a +0 chain mail (worn)
Jewellery
 j - a +4 ring of protection (left hand)
 q - a ring of poison resistance
 r - the ring of Uskayaw's Hope (right hand) {rN+ rCorr}
   (You acquired it on level 4 of the Dungeon)

   [ring of positive energy]

   rN:        It protects you from negative energy.
   rCorr:     It protects you from acid and corrosion.
 E - a +6 ring of intelligence
 G - a ring of wizardry
Wands
 t - a wand of paralysis (11)
 u - a wand of iceblast (8)
 C - a wand of mindburst (17)
 K - a wand of flame (5)
Scrolls
 m - a scroll of blinking
 n - a scroll of noise
 x - a scroll of amnesia
 y - 3 scrolls of magic mapping
 z - a scroll of fear
 A - a scroll of enchant armour
 D - 3 scrolls of fog
 F - 2 scrolls of vulnerability
 H - 4 scrolls of identify {@r1}
Potions
 b - 2 potions of flight {unknown}
 d - 2 potions of might
 e - 2 potions of brilliance
 f - 3 potions of curing {@q1}
 g - 4 potions of mutation
 i - 2 potions of degeneration {unknown}
 s - 2 potions of heal wounds {unknown}
 w - 4 potions of invisibility {unknown}
 J - a potion of resistance {unknown}
 L - a potion of lignification {unknown}


   Skills:
 + Level 7.7 Fighting
 - Level 8.0 Short Blades
 - Level 2.4 Armour
 + Level 6.2 Shields
 - Level 2.9 Invocations


You had 8 spell levels left.
You didn't know any spells.
Your spell library contained the following spells:

 Spells                   Type           Power      Damage    Failure   Level
 Magic Dart               Conj           0%         1d3       83%         1
 Searing Ray              Conj           0%         2d4       92%         2
 Ozocubu's Armour         Ice            0%         N/A       99%         3
 Airstrike                Air            0%         N/A       100%        4
 Fulminant Prism          Conj/Hex       0%         3d6       100%        4
 Summon Lightning Spire   Summ/Air       0%         N/A       100%        4
 Lightning Bolt           Conj/Air       0%         1d11      100%        5
 Metabolic Englaciation   Hex/Ice        0%         N/A       100%        5
 Simulacrum               Ice/Necr       0%         N/A       100%        6
 Ozocubu's Refrigeration  Ice            0%         4d5       100%        7


Dungeon Overview and Level Annotations

Branches:
Dungeon (8/15)             Temple (1/1) D:7            Lair (0/6) D:8
  Sewer (visited)         Ossuary (visited)

Altars:
Ashenzari
Cheibriados
Dithmenos
Elyvilon
Fedhas
Hepliaklqana
Makhleb
Qazlal
Ru
Sif Muna
Trog
Wu Jian
Zin
The Shining One
Beogh

Shops:
D:6 [

Annotations:
D:2 1 runed translucent door, Crazy Yiuf


Innate Abilities, Weirdness & Mutations

You have razor-sharp teeth.
Your natural rate of healing is unusually fast.
When hurt, damage is shared between your health and your magic reserves.
Your bite disrupts and absorbs the magic of your enemies.
Potions cannot restore your health.


Message History

The gnoll hits you but does no damage.
A gnoll comes into view. It is wielding a +0 club.
The gnoll shouts!
You hear a shout!
You block the gnoll's attack.
The killer bee zombie closely misses you.
The gnoll hits you but does no damage.
The killer bee zombie hits you but does no damage.
Things that are here:
a +0 whip; a +0 flail of protection; a gnoll corpse You puncture the killer bee zombie!
You bite the killer bee zombie! You drain its power.
The killer bee zombie is almost destroyed.
You puncture the killer bee zombie!
You destroy the killer bee zombie!
Cheibriados thoroughly appreciates the change of pace.
The gnoll closely misses you.
You puncture the gnoll! You bite the gnoll.
You kill the gnoll!
Cheibriados thoroughly appreciates the change of pace.
Cheibriados raises the support of your attributes as your movement slows.
A gnoll comes into view.
It is wielding a +0 flail and carrying a wand of acid (9).
Things that are here:
a +0 spear; a gnoll corpse You puncture the gnoll!
Your bite misses the gnoll.
The gnoll is severely wounded.
You puncture the gnoll!
You kill the gnoll!
Cheibriados thoroughly appreciates the change of pace.
The gnoll zaps a wand.
The bolt of acid hits you!! The acid corrodes you!
The gnoll zaps a wand.
The bolt of acid hits you!!!
Ouch! That really hurt!
* * * LOW HITPOINT WARNING * * *
You see here a +0 club.
You remove your ring of poison resistance.
r - the ring of Uskayaw's Hope (right hand) {rN+ rCorr} The gnoll zaps a wand.
The bolt of acid hits you! You resist.
You die...

......................###
##P###
##############.###########
### #.# #.....# #.#
#.###.####### #)#
#...........##
#.#########.######..
#####.##.)).###.# #..
#......()#......# #..
.....(...@.######## #..
.....#.#......... ###
.....(>...#######
.....#(#..# ..#..(.....
..#.(g.....# ###.####.# .#


You could see a gnoll.

Vanquished Creatures
  A centaur warrior (D:8)
  3 water moccasins
  A black bear (D:5)
  3 orc warriors (D:7)
  A hornet zombie (D:3)
  An ogre (D:6)
  A centaur (D:7)
  An elf zombie (Ossuary)
  A kobold brigand (Sewer)
  A gnoll sergeant (D:8)
  A bullfrog (D:7)
  A scorpion (D:4)
  A wight (D:8)
  A howler monkey (D:8)
  5 centaur zombies
  4 hounds
  3 jellies
  A human zombie (Ossuary)
  2 orc priests (D:7)
  A centaur skeleton (D:7)
  2 iguanas (D:4)
  5 orc wizards
  3 killer bee zombies
  A hound zombie (Ossuary)
  3 mummies (Ossuary)
  4 gnolls (D:8)
  4 river rats (Sewer)
  7 adders
  2 white imps
  7 adder zombies (Ossuary)
  2 worms
  2 dart slugs
  29 orcs
  10 endoplasms
  9 giant cockroaches
  2 gnoll zombies (Ossuary)
  7 goblins
  10 hobgoblins
  4 jackals
  23 kobolds
  2 quokkas (D:1)
  15 ball pythons
  5 bats
  7 frilled lizards
  4 goblin zombies (Ossuary)
  6 hobgoblin zombies (Ossuary)
  2 jackal zombies (Ossuary)
  3 kobold zombies (Ossuary)
  An orc zombie (Ossuary)
  4 quokka zombies (Ossuary)
  25 rats
  2 rat zombies (Ossuary)
246 creatures vanquished.

Notes
Turn   | Place    | Note
-------+----------+-------------------------------------------
     0 | D:1      | freelancePsychic the Vine Stalker Fighter began the quest
                  | for the Orb.
     0 | D:1      | Reached XP level 1. HP: 11/11 MP: 2/2
    71 | D:1      | Reached skill level 2 in Short Blades
    78 | D:1      | Reached XP level 2. HP: 10/16 MP: 3/3
   437 | D:1      | Reached XP level 3. HP: 18/20 MP: 4/4
  1035 | D:1      | Found a faded altar of an unknown god.
  1448 | D:2      | Gained mutation: Your natural rate of healing is unusually
                  | fast. [Vine Stalker growth]
  1448 | D:2      | Reached XP level 4. HP: 24/24 MP: 5/5
  1475 | D:2      | Reached skill level 3 in Short Blades
  1996 | D:2      | Found a runed translucent door.
  1997 | D:2      | Noticed Crazy Yiuf
  2381 | D:3      | Reached XP level 5. HP: 28/28 MP: 6/6
  3508 | D:4      | Reached skill level 4 in Short Blades
  3508 | D:4      | Reached XP level 6. HP: 33/33 MP: 7/7
  3560 | D:4      | Identified 2 scrolls of acquirement
  3560 | D:4      | Acquired the ring of Uskayaw's Hope {rN+ rCorr}
  3562 | D:4      | Acquired a +2 pair of boots of flying
  4090 | D:5      | Entered Level 5 of the Dungeon
  4091 | D:5      | Acquired a +6 quick blade
  4373 | D:5      | Found a glowing drain.
  4403 | Sewer    | Entered a sewer
  4562 | Sewer    | Reached XP level 7. HP: 37/37 MP: 8/8
  4619 | Sewer    | Reached skill level 5 in Short Blades
  5061 | D:5      | Noticed a wyvern
  5098 | D:6      | Found Quett's Antique Armour Emporium.
  5327 | D:6      | Reached skill level 6 in Short Blades
  5335 | D:6      | Reached skill level 5 in Fighting
  5398 | D:6      | Found a broken altar of Ashenzari.
  5501 | D:6      | Gained mutation: You have razor-sharp teeth. [Vine Stalker
                  | growth]
  5501 | D:6      | Reached XP level 8. HP: 43/43 MP: 9/9
  5756 | D:7      | Found a staircase to the Ecumenical Temple.
  5762 | Temple   | Entered the Ecumenical Temple
  5767 | Temple   | Became a worshipper of Cheibriados the Contemplative
  5827 | D:7      | Reached skill level 7 in Short Blades
  5907 | D:7      | Found a runed translucent door.
  5916 | D:7      | Found a sand-covered staircase.
  5922 | Ossuary  | Entered an ossuary
  5970 | Ossuary  | Reached * piety under Cheibriados
  6145 | Ossuary  | Reached ** piety under Cheibriados
  6240 | D:7      | Reached skill level 8 in Short Blades
  6363 | D:7      | Reached XP level 9. HP: 48/48 MP: 10/10
  6453 | D:7      | Reached skill level 1 in Invocations
  6572 | D:7      | Reached *** piety under Cheibriados
  6680 | D:8      | Reached skill level 5 in Shields
  6751 | D:8      | Noticed a centaur warrior
  6809 | D:8      | Found a burning altar of Makhleb.
  6904 | D:8      | Killed a centaur warrior
  6977 | D:8      | Found a staircase to the Lair.
  7077 | D:8      | Found a blossoming altar of Fedhas.
  7204 | D:8      | Killed from afar by a gnoll

Illustrated notes

Levels and vault maps discovered:
D:1:      dpeg_arrival_brainrot, layout_basic, shapermc_ecumenical_altar_ellora
D:2:      layout_loops_ring, minmay_box_of_dots, uniq_crazy_yiuf_cottage
D:3:      layout_basic, minivault_26
D:4:      kb_forest_paths, layout_basic
D:5:      layout_gridville, mainiacjoe_overflow_alcove_1, gup_sewer_entry_glass,
          minmay_checkerbox
D:6:      minmay_general_purpose_star, layout_basic,
          ashenzari_conservatory_becter, serial_shops,
          nicolae_shop_hallway_stairs, nrook_campfire
D:7:      layout_gridville, minmay_temple_entry_enclosed_plants,
          enter_ossuary_5, lightli_church_of_beogh
D:8:      layout_basic, fedhas_altar_decomposition,
          lemuel_coloured_pillars_altar, mainiacjoe_overflow_catwalk,
          lair_entry_dummy, st_stairs_14, dk_noncrumbling_3
Temple:   minmay_freezing_vapour_temple

Skill      XL: |  1  2  3  4  5  6  7  8  9 |
---------------+----------------------------+-----
Short Blades   | 2 3 4 6 8 |  8.0
Shields        | 3 4 6 |  6.2
Fighting       | 3 4 5 6 7 |  7.7
Invocations    | 2 |  2.9
Armour         | |  2.4

Action                   |  1- 3 |  4- 6 |  7- 9 || total
-------------------------+-------+-------+-------++-------
Melee: Rapier            |    87 |   130 |       ||   217
       Bite              |    21 |    47 |   176 ||   244
       Quick blade       |       |    49 |   428 ||   477
Throw: Dart              |       |     2 |    17 ||    19
Invok: Bend Time         |       |       |     3 ||     3
  Use: Scroll            |       |     7 |    10 ||    17
Armor: Scale mail        |    42 |    80 |    88 ||   210
       Chain mail        |       |       |    11 ||    11
Dodge: Dodged            |    40 |    54 |    87 ||   181
Block: Buckler           |    26 |    32 |    53 ||   111

Table legend: (Time is in decaauts)
 A = Elapsed time spent in this place.
 B = Non-inter-level travel time spent in this place.
 C = Inter-level travel time spent in this place.
 D = Time resting spent in this place.
 E = Time spent auto-exploring this place.
 F = Levels seen in this place.
 G = Mean time per level.
                   A        B        C        D        E       F      G
               +--------+--------+--------+--------+--------+-----+--------+
         Total |   7379 |   6921 |    458 |    420 |   4918 |  11 |  670.8 |
       Dungeon |   6668 |   6216 |    452 |    420 |   4483 |   8 |  833.5 |
        Temple |     12 |      6 |      6 |      0 |      0 |   1 |   12.0 |
         Sewer |    442 |    442 |      0 |      0 |    281 |   1 |  442.0 |
       Ossuary |    255 |    255 |      0 |      0 |    154 |   1 |  255.0 |
               +--------+--------+--------+--------+--------+-----+--------+

Top non-repeatable levels by time:
     D:1: 1359 daAuts
     D:4: 1071 daAuts
     D:2: 978 daAuts
     D:3: 853 daAuts
     D:7: 761 daAuts
     D:8: 716 daAuts
     D:6: 599 daAuts
   Sewer: 442 daAuts
     D:5: 329 daAuts
 Ossuary: 255 daAuts
  Temple: 12 daAuts
